 Dungeon Crawl Stone Soup version 0.23.2-40-g277498a (webtiles) character file.

Game seed: 16184149364473008052

104298 TheLegionCommander the Slayer (level 15, -14/240 HPs)
             Began as a Minotaur Berserker on Sept 20, 2019.
             Was a High Priest of Trog.
             Demolished by a cyan very ugly thing (21 damage)
             ... on level 2 of the Depths on Sept 21, 2019.
             The game lasted 02:23:34 (27825 turns).

TheLegionCommander the Slayer (Minotaur Berserker) Turns: 27825, Time: 02:23:34

Health: -14/240    AC: 25    Str: 36      XL:     15   Next: 91%
Magic:  14/14      EV:  9    Int:  3 (4)  God:    Trog [*****.]
Gold:   649        SH:  5    Dex:  7      Spells: 14/14 levels left

rFire    . . .     SeeInvis +   P - +4 executioner's axe (drain)
rCold    . . .     Gourm    .   (shield currently unavailable)
rNeg     + + .     Faith    .   b - +3 plate armour {rPois}
rPois    +         Spirit   .   G - +2 hat
rElec    .         Reflect  +   s - +2 cloak of Incorporation {rPois rN++ Dex-4 SInv}
rCorr    .         Harm     .   (no gloves)
MR       +....                  t - +0 pair of boots
Stlth    ..........             K - +5 amulet of reflection
HPRegen  0.50/turn              q - +3 ring of slaying
MPRegen  0.14/turn              S - +4 ring of strength

@: berserking, very quick
A: retaliatory headbutt, horns 2
a: Berserk, Trog's Hand, Brothers in Arms, Renounce Religion


You were on level 2 of the Depths.
You worshipped Trog.
Trog was extremely pleased with you.
You were hungry.

You visited 3 branches of the dungeon, and saw 18 of its levels.

You collected 1175 gold pieces.
You spent 526 gold pieces at shops.

Inventory:

Hand Weapons
 P - a +4 executioner's axe of draining (weapon)
 X - the +9 war axe "Sithra" {venom, Int+2}
   (You found it on level 1 of the Depths)

   It poisons the flesh of those it strikes.
   It affects your intelligence (+2).
Missiles
 e - 270 stones (quivered)
Armour
 b - a +3 plate armour of poison resistance (worn)
 s - the +2 cloak of Incorporation (worn) {rPois rN++ Dex-4 SInv}
   (You found it on level 4 of the Dungeon)

   It affects your dexterity (-4).
   It protects you from poison.
   It greatly protects you from negative energy.
   It lets you see invisible.
 t - a +0 pair of boots (worn)
 G - a +2 hat (worn)
Jewellery
 f - an uncursed amulet of regeneration
 q - a +3 ring of slaying (left hand)
 K - a +5 amulet of reflection (around neck)
 S - a +4 ring of strength (right hand)
Wands
 h - a wand of scattershot (4)
 u - a wand of random effects (4)
 y - a wand of iceblast (7)
 A - a wand of enslavement (3)
 C - a wand of flame (21)
 O - a wand of polymorph (13)
 T - a wand of paralysis (5)
Scrolls
 g - 4 scrolls of identify
 k - a scroll of teleportation
 o - 4 scrolls of remove curse
 v - a scroll of fog
 H - 2 scrolls of fear
 J - a scroll of blinking
 Q - a scroll of brand weapon
 R - a scroll of torment
Potions
 a - 3 potions of lignification
 d - 7 potions of curing
 j - 5 potions of brilliance
 l - 2 potions of mutation
 m - 3 potions of might
 n - 2 potions of magic
 p - 2 potions of agility
 r - a potion of invisibility
 w - 2 potions of berserk rage
 x - a potion of ambrosia
 B - a potion of resistance
 D - 3 potions of flight
 I - 4 potions of haste
 N - a potion of cancellation
Miscellaneous
 M - a sack of spiders
Comestibles
 c - 22 rations


   Skills:
 + Level 21.9 Fighting
 - Level 20.0 Axes
 - Level 12.3 Armour
 - Level 2.1 Dodging


You had 14 spell levels left.
You didn't know any spells.
Your spell library contained the following spells:

 Spells                   Type           Power        Failure   Level  Hunger
 Apportation              Tloc           #.....       96%         1    ##.....
 Summon Butterflies       Summ           #.......     96%         1    ##.....
 Lesser Beckoning         Tloc           #.........   100%        3    ####...
 Tukima's Dance           Hex            #.......     100%        3    ####...
 Alistair's Intoxication  Tmut/Pois      #.......     100%        5    ######.
 Invisibility             Hex            #.......     100%        6    #######


Dungeon Overview and Level Annotations

Branches:
Dungeon (15/15)            Temple (1/1) D:6            Lair (0/6) D:10
    Orc (0/2) D:12         Vaults (0/5) D:13         Depths (2/5) D:15

Altars:
Ashenzari
Cheibriados
Dithmenos
Elyvilon
Fedhas
Gozag
Hepliaklqana
Kikubaaqudgha
Makhleb
Nemelex Xobeh
Okawaru
Qazlal
Ru
Sif Muna
Trog
Uskayaw
Vehumet
Wu Jian
Xom
Yredelemnul
Zin
The Shining One

Shops:
D:5 :   D:7 ?   D:10 *

Portals:
Hell: Depths:1


Innate Abilities, Weirdness & Mutations

You reflexively headbutt those who attack you in melee.
You have a pair of horns on your head.


Message History

The cyan very ugly thing is severely wounded.
The cyan very ugly thing tentacle-slaps you!
* * * LOW HITPOINT WARNING * * *
The cyan very ugly thing shocks you!!
* * * LOW HITPOINT WARNING * * *
You barely miss the cyan very ugly thing.
The cyan very ugly thing is severely wounded.
You slash the cyan very ugly thing!
The cyan very ugly thing is severely wounded.
The cyan very ugly thing tentacle-slaps you.
* * * LOW HITPOINT WARNING * * *
The cyan very ugly thing shocks you!!
* * * LOW HITPOINT WARNING * * *
You are too berserk!
You hit the cyan very ugly thing.
The cyan very ugly thing is almost dead.
The cyan very ugly thing tentacle-slaps you.
* * * LOW HITPOINT WARNING * * *
The cyan very ugly thing shocks you!!
You die...

#†#
#.#
#.#
#.#
#.#
#.#
#.#
#.#
#@#
#u#
#S#
#D.
#...
#...k
#....#
###..#
#.#


You could see a storm dragon, a cyan very ugly thing and a mana viper shaped
shifter.

Vanquished Creatures
  A sphinx (Depths:1)
  2 fire giants
  A frost giant (D:15)
  2 orc warlords (Depths:1)
  A stone giant (Depths:1)
  6 very ugly things
  A merfolk impaler (Depths:1)
  A crystal guardian (Depths:2)
  A fire dragon (D:14)
  2 rakshasas
  3 vault guards (D:13)
  An ice dragon (Depths:1)
  6 centaur warriors
  An anaconda (shapeshifter) (Depths:2)
  An anaconda (Depths:1)
  An ogre mage (D:14)
  The ghost of Aphrodieselac the Impaler, a journeyman MfSk of Okawaru (D:11)
  A dancing weapon (Depths:2)
  8 two-headed ogres
  A satyr (shapeshifter) (Depths:2)
  A vampire mage (Depths:1)
  3 deep troll earth magi
  An orc high priest (Depths:1)
  3 tengu warriors
  4 hell knights (Depths:1)
  4 skeletal warriors (D:15)
  A fire crab (shapeshifter) (Depths:2)
  4 unseen horrors
  7 deep trolls
  3 glowing orange brains (Depths:2)
  3 wizards
  8 trolls
  3 necromancers
  2 orc sorcerers (Depths:1)
  3 orc knights (Depths:1)
  The ghost of Morgon the Conjurer, a novice GnCj (D:6)
  2 deep elf magi
  A salamander (Depths:1)
  21 ugly things
  5 cyclopes
  3 manticores
  4 gargoyles
  A black mamba (shapeshifter) (D:14)
  Psyche (D:10)
  A smoke demon (Depths:1)
  3 centaur zombies
  4 centaur skeletons
  3 kobold demonologists
  2 yaktaurs
  A rime drake (shapeshifter) (D:15)
  A freezing wraith (D:14)
  A komodo dragon (D:13)
  A hellwing (Depths:1)
  4 tengu conjurers
  A hornet (D:12)
  A wind drake (shapeshifter) (D:15)
  A merfolk (shapeshifter) (Depths:2)
  33 slime creatures
  A meliai zombie (D:14)
  7 hippogriffs
  3 wraiths
  2 air elementals (Depths:2)
  A tarantella (shapeshifter) (D:14)
  A shadow (D:11)
  13 humans (D:13)
  3 wyverns
  4 fire bats (Depths:1)
  7 water elementals
  8 yaks
  9 vampire mosquitoes
  A fire elemental (Depths:2)
  5 hungry ghosts
  2 soldier ants
  A naga (shapeshifter) (D:15)
  2 acid dragons
  A hell hound (Depths:1)
  Duvessa (D:5)
  A hornet zombie (D:14)
  5 ice beasts
  A black bear (D:11)
  6 orc warriors
  5 phantoms
  A swamp drake (D:10)
  6 sky beasts
  10 ogres
  9 centaurs
  3 big kobolds
  4 crocodiles (D:10)
  6 bullfrogs
  Dowan (D:5)
  7 scorpions
  2 wyvern skeletons
  A troll zombie (D:12)
  17 wights
  8 killer bees
  14 crimson imps
  A bullfrog zombie (D:10)
  A jelly (D:10)
  A quasit (D:8)
  6 orc priests
  7 hounds
  4 bullfrog skeletons
  4 iguanas
  9 orc wizards
  8 worker ants
  Terence (D:2)
  7 ogre zombies (D:12)
  A hound zombie (D:6)
  A hound skeleton (D:4)
  2 worker ant zombies
  11 gnolls
  10 adders
  3 shadow imps
  An adder skeleton (D:5)
  6 worms
  A dart slug (D:1)
  5 leopard geckos
  35 orcs
  8 giant cockroaches
  6 goblins
  3 hobgoblins
  17 jackals
  7 quokkas
  A ball python (D:2)
  7 bats
  3 frilled lizards
  5 goblin zombies (D:12)
  2 hobgoblin zombies (D:12)
  21 kobolds
  2 orc skeletons (D:12)
  16 orc zombies (D:12)
  8 rats
  A fire vortex (Depths:1)
599 creatures vanquished.

Vanquished Creatures (collateral kills)
  A two-headed ogre (D:8)
  A wizard (D:13)
  5 humans (D:13)
  A plant (D:8)
8 creatures vanquished.

Vanquished Creatures (others)
  A hippogriff (D:15)
  A shadow (D:15)
2 creatures vanquished.

Grand Total: 609 creatures vanquished

Notes
Turn   | Place    | Note
-------+----------+-------------------------------------------
     0 | D:1      | TheLegionCommander the Minotaur Berserker began the quest
                  | for the Orb.
     0 | D:1      | Reached XP level 1. HP: 19/19 MP: 0/0
   352 | D:1      | Reached XP level 2. HP: 20/26 MP: 1/1
  1170 | D:2      | Reached skill level 5 in Axes
  1170 | D:2      | Reached XP level 3. HP: 30/31 MP: 2/2
  1438 | D:2      | Noticed Terence
  1443 | D:2      | Killed Terence
  1443 | D:2      | Reached ** piety under Trog
  1443 | D:2      | Reached XP level 4. HP: 20/39 MP: 3/3
  2653 | D:3      | Reached XP level 5. HP: 42/45 MP: 4/4
  2723 | D:3      | Noticed an ice beast
  2733 | D:3      | Killed an ice beast
  2876 | D:3      | Reached XP level 6. HP: 51/51 MP: 5/5
  3492 | D:3      | Reached *** piety under Trog
  3954 | D:3      | Reached XP level 7. HP: 40/57 MP: 6/6
  4361 | D:4      | Got a distressingly furry cloak
  4392 | D:4      | Identified the +2 cloak of Incorporation {rPois rN++ Dex-4
                  | SInv} (You found it on level 4 of the Dungeon)
  4678 | D:4      | Reached skill level 10 in Axes
  4746 | D:4      | Found a shimmering altar of Xom.
  4748 | D:4      | Found a glowing silver altar of Zin.
  4748 | D:4      | Noticed an angel
  5147 | D:5      | Entered Level 5 of the Dungeon
  5150 | D:5      | Noticed Dowan
  5151 | D:5      | Noticed Duvessa
  5297 | D:5      | Killed Duvessa
  5297 | D:5      | Killed Dowan
  5297 | D:5      | Reached XP level 8. HP: 64/64 MP: 7/7
  5560 | D:5      | Found Pyajew's Book Emporium.
  5596 | D:5      | Found a shattered altar of Ashenzari.
  5599 | D:5      | Found a snail-covered altar of Cheibriados.
  5886 | D:5      | Found a bloodstained altar of Trog.
  5888 | D:5      | Found an ornate altar of the Wu Jian Council.
  6398 | D:6      | Reached **** piety under Trog
  6579 | D:6      | Found a staircase to the Ecumenical Temple.
  6586 | Temple   | Entered the Ecumenical Temple
  7012 | D:6      | Found a runed translucent door.
  7013 | D:6      | Noticed an unseen horror
  7013 | D:6      | Noticed Morgon's ghost (novice GnCj)
  7066 | D:6      | Reached XP level 9. HP: 70/70 MP: 8/8
  7338 | D:6      | Killed Morgon's ghost
  7342 | D:6      | Killed an unseen horror
  7342 | D:6      | Reached skill level 15 in Axes
  7775 | D:7      | Reached skill level 5 in Armour
  7934 | D:7      | Found Naefiot's Magic Scroll Boutique.
  7951 | D:7      | Bought 3 scrolls of identify for 84 gold pieces
  7951 | D:7      | Bought a scroll of remove curse for 42 gold pieces
  7951 | D:7      | Bought a scroll of brand weapon for 280 gold pieces
  8288 | D:8      | Noticed a red ugly thing
  8302 | D:8      | Killed a red ugly thing
  8302 | D:8      | Reached XP level 10. HP: 52/77 MP: 9/9
  8905 | D:8      | Noticed a two-headed ogre
  8919 | D:8      | Killed a two-headed ogre
  8951 | D:8      | Killed a troll
  9345 | D:9      | Noticed a gargoyle
  9371 | D:9      | Killed a gargoyle
  9371 | D:9      | Reached skill level 10 in Armour
  9523 | D:9      | Noticed a two-headed ogre
  9531 | D:9      | Killed a two-headed ogre
 10575 | D:10     | Entered Level 10 of the Dungeon
 10672 | D:10     | Noticed Psyche
 10675 | D:10     | Reached ***** piety under Trog
 10692 | D:10     | Reached skill level 4 in Fighting
 10960 | D:10     | Killed Psyche
 10960 | D:10     | Reached XP level 11. HP: 85/85 MP: 10/10
 11136 | D:10     | Found Qyw Leaf's Assorted Antiques.
 11142 | D:10     | Bought a tapered wooden wand for 120 gold pieces
 11193 | D:10     | Reached skill level 5 in Fighting
 11268 | D:10     | Noticed an unseen horror
 11280 | D:10     | Killed an unseen horror
 11343 | D:10     | Noticed a two-headed ogre
 11352 | D:10     | Killed a two-headed ogre
 11352 | D:10     | Reached skill level 6 in Fighting
 11438 | D:10     | Reached skill level 7 in Fighting
 11629 | D:10     | Found a staircase to the Lair.
 11973 | D:11     | Noticed a two-headed ogre
 12051 | D:10     | Killed a two-headed ogre
 12051 | D:10     | Reached skill level 8 in Fighting
 12183 | D:11     | Reached skill level 9 in Fighting
 12482 | D:11     | Reached skill level 10 in Fighting
 12583 | D:11     | Found a large runed translucent door.
 12583 | D:11     | Found a large runed translucent door.
 12585 | D:11     | Noticed Aphrodieselac's ghost (journeyman MfSk)
 12601 | D:11     | Killed Aphrodieselac's ghost
 12655 | D:11     | Noticed a centaur warrior
 12670 | D:11     | Killed a centaur warrior
 12670 | D:11     | Reached skill level 11 in Fighting
 13265 | D:11     | Reached skill level 12 in Fighting
 13582 | D:12     | Noticed an unseen horror
 13599 | D:12     | Killed an unseen horror
 13599 | D:12     | Reached XP level 12. HP: 109/113 MP: 11/11
 13648 | D:12     | Reached skill level 13 in Fighting
 13680 | D:12     | Found a shimmering altar of Xom.
 13846 | D:12     | Found a staircase to the Orcish Mines.
 14107 | D:12     | Received a gift from Trog
 14351 | D:12     | Reached skill level 14 in Fighting
 15463 | D:13     | Noticed a two-headed ogre
 15468 | D:13     | Killed a two-headed ogre
 15865 | D:13     | Received a gift from Trog
 15876 | D:13     | Found a gate to the Vaults.
 15876 | D:13     | Noticed a vault guard
 15876 | D:13     | Noticed a vault guard
 15876 | D:13     | Noticed a vault guard
 15882 | D:13     | Killed a vault guard
 15882 | D:13     | Reached XP level 13. HP: 99/124 MP: 4/12
 17794 | D:14     | Found a blossoming altar of Fedhas.
 18481 | D:14     | Noticed a fire dragon
 18496 | D:14     | Killed a fire dragon
 19403 | D:15     | Entered Level 15 of the Dungeon
 19723 | D:15     | Reached skill level 15 in Fighting
 19735 | D:15     | Reached XP level 14. HP: 98/135 MP: 4/13
 19877 | D:15     | Reached ****** piety under Trog
 19947 | D:15     | Received a gift from Trog
 19996 | D:15     | Reached skill level 16 in Fighting
 20422 | D:15     | Received a gift from Trog
 20682 | D:15     | Reached skill level 17 in Fighting
 21431 | D:15     | Found a staircase to the Depths.
 21431 | D:15     | Noticed a frost giant
 21435 | D:15     | Killed a frost giant
 21441 | D:15     | Reached skill level 18 in Fighting
 21706 | Depths:1 | Entered Level 1 of the Depths
 21776 | Depths:1 | Noticed a fire giant
 22156 | Depths:1 | Killed a fire giant
 22167 | Depths:1 | Noticed a fire giant
 22186 | D:15     | Killed a fire giant
 22494 | Depths:1 | Reached skill level 19 in Fighting
 22618 | Depths:1 | Reached XP level 15. HP: 89/152 MP: 14/14
 23976 | Depths:1 | Got a dazzling war axe
 23977 | Depths:1 | Identified the +9 war axe "Sithra" {venom, Int+2} (You
                  | found it on level 1 of the Depths)
 24126 | Depths:1 | Noticed a sphinx
 24135 | Depths:1 | Killed a sphinx
 24135 | Depths:1 | Reached skill level 20 in Fighting
 24138 | Depths:1 | Received a gift from Trog
 24143 | Depths:1 | HP: 7/155 [ice dragon/blast of cold (14)]
 25010 | Depths:1 | Found a glowing golden altar of the Shining One.
 25080 | Depths:1 | Noticed an orc warlord
 25080 | Depths:1 | Noticed an orc warlord
 25095 | Depths:1 | Killed an orc warlord
 25603 | Depths:1 | Paralysed by an orc sorcerer for 3 turns
 25645 | Depths:1 | Killed an orc warlord
 25645 | Depths:1 | Reached skill level 21 in Fighting
 26235 | Depths:1 | Found a gateway to Hell.
 27790 | Depths:2 | Noticed a storm dragon
 27824 | Depths:2 | HP: 10/240 [cyan very ugly thing (24)]
 27825 | Depths:2 | Demolished by a cyan very ugly thing

Skill      XL: |  1  2  3  4  5  6  7  8  9 10 11 12 13 14 15 |
---------------+----------------------------------------------+-----
Axes           | 4 5 6 7 8 9 11 13 15 17 20 | 20.0
Armour         | 7 12 | 12.3
Fighting       | 4 12 14 15 19 21 | 21.9
Dodging        | |  2.1

Action                   |  1- 3 |  4- 6 |  7- 9 | 10-12 | 13-15 || total
-------------------------+-------+-------+-------+-------+-------++-------
Melee: Hand axe          |    64 |   125 |   238 |   592 |       ||  1019
       Headbutt          |     9 |    18 |    34 |   144 |   174 ||   379
       Battleaxe         |       |       |       |   118 |   316 ||   434
       Executioner's axe |       |       |       |       |   342 ||   342
Throw: Stone             |    50 |    96 |    31 |    79 |   159 ||   415
       Javelin           |       |       |    82 |    42 |       ||   124
       Tomahawk          |       |       |       |   146 |    44 ||   190
Invok: Berserk           |       |     2 |     3 |     3 |     7 ||    15
       Trog's Hand       |       |       |     1 |     2 |       ||     3
       Brothers in Arms  |       |       |       |     1 |       ||     1
Evoke: Wand              |       |       |       |    11 |    29 ||    40
  Use: Scroll            |       |    11 |    12 |    16 |    13 ||    52
       Potion            |       |     2 |       |     1 |     8 ||    11
 Stab: Distracted        |       |       |       |     1 |       ||     1
  Eat: Chunk             |     2 |     9 |    10 |    27 |    16 ||    64
       Ration            |       |       |     2 |     1 |     9 ||    12
Armor: Animal skin       |     1 |       |       |       |       ||     1
       Leather armour    |    10 |       |       |       |       ||    10
       Scale mail        |       |    36 |     5 |       |       ||    41
       Chain mail        |       |       |    33 |       |       ||    33
       Plate armour      |       |       |    52 |   409 |   441 ||   902
Dodge: Dodged            |    39 |    63 |    61 |   173 |   212 ||   548
Block: Other             |       |       |    24 |    96 |   143 ||   263
       Reflection        |       |       |     1 |     1 |     9 ||    11
